Cogmind - Beta 16.1 @@@ ROGUE MODE // 2026.03.02 @ 12:37:19 Player: Prominous Vale Result: Destroyed by S1-GET(R) with Subdweller Laser Performance ------------- Evolutions (0) 0 Regions Visited (2) 400 Robots Destroyed (14) 70 Value Destroyed (404) 404 Prototype IDs (1) 20 Alien Tech Used (0) 0 Bonus (-93) -93 TOTAL SCORE: 801 Bonus ------- Friendly Fire -93 Cogmind --------- Core Integrity 0/250 Matter 39/300 Energy 31/100 System Corruption 0% Temperature Cool (11) Movement Walking (190) Ox1 Location -10/Subcaves Parts ------- > --- POWER (1) -------- (None) > --- PROPULSION (2) --- Aluminum Leg Aluminum Leg > --- UTILITY (2) ------ Small Storage Unit Hacking Suite > --- WEAPON (2) ------- Subdweller Beam Cannon Subdweller Beam Cannon > --- INVENTORY (8) ---- High-capacity Storage Unit Visual Processing Unit Subdweller Optics Beam Cannon Datajack Peak State ------------ > --- POWER ------------ Ion Engine > --- PROPULSION ------- Aluminum Leg Aluminum Leg > --- UTILITY ---------- Small Storage Unit Hacking Suite > --- WEAPON ----------- Improved Medium Laser Improved Medium Laser > --- INVENTORY -------- Light Ion Engine Aluminum Leg Aluminum Leg High-capacity Storage Unit Small Laser Beam Cannon Datajack [Rating: 13] Favorites ----------- Power Ion Engine Engine Ion Engine Propulsion Aluminum Leg Leg Aluminum Leg Utility Small Storage Unit Storage Small Storage Unit Hackware Hacking Suite Weapon Subdweller Beam Cannon Energy Gun Improved Medium Laser Energy Cannon Subdweller Beam Cannon Launcher Subdweller Shrapnel Launcher Build | -11 -10 -10 ------- Run | Yrd Mat Sub Slots Evolved . | . . . Power . | . . . Propulsion . | . . . Utility . | . . . Weapon . | . . . Parts Attached 16 | 6 3 7 Power 2 | 1 . 1 Engine 2 | 1 . 1 Core . | . . . Reactor . | . . . Propulsion 4 | 2 . 2 Treads . | . . . Leg 4 | 2 . 2 Wheel . | . . . Hover . | . . . Flight . | . . . Utility 2 | 1 1 . Device . | . . . Storage 1 | 1 . . Processor . | . . . Hackware 1 | . 1 . Protection . | . . . Artifact . | . . . Weapon 8 | 2 2 4 Energy Gun 4 | 2 2 . Energy Cannon 2 | . . 2 Ballistic Gun . | . . . Ballistic Cannon . | . . . Launcher 2 | . . 2 Special Weapon . | . . . Impact Weapon . | . . . Slashing Weapon . | . . . Piercing Weapon . | . . . Special Melee Weapon . | . . . Unidentified Prototypes 1 | . 1 . Parts Lost 5 | . 1 4 Power 2 | . . 2 Propulsion 1 | . . 1 Utility . | . . . Weapon 2 | . 1 1 Highest Loss Streak 4 | . 1 4 To Critical Strikes . | . . . Average Backups 6 | 2 5 7 Power . | 1 1 . Propulsion . | . 1 . Utility 2 | . . 2 Weapon 1 | 1 2 1 Tool/Special . | . . . Unused Backups 8 | 1 1 6 Power . | . . . Propulsion 2 | 1 1 . Utility 3 | . . 3 Weapon 2 | . . 2 Tool/Special 1 | . . 1 Average Slot Usage (%) 95 | . 94 95 Engine 10 | . 14 10 Leg 27 | . 28 27 Storage 14 | . 14 14 Hackware 13 | . 11 14 Energy Gun 6 | . 25 2 Energy Cannon 13 | . . 15 Launcher 8 | . . 9 Peak Build Rating 13 | 6 13 13 Average Rating 10 | 3 9 11 On Entrance 6 | . 6 13 Avg Prop Armor Cover (%) . | . . . Naked Turns . | . . . Heaviest Build 26 | 14 16 26 Greatest Support 20 | 20 20 20 Greatest Overweight (x) 1 | 1 . 1 Average Overweight (x) . | . . . Largest Inventory Capacity 8 | 8 8 8 Average Capacity 7 | 6 8 8 Most Carried 8 | 5 8 8 Average Carried 6 | 2 5 7 Final Capacity 8 | 8 8 8 Final Carried 8 | 2 8 5 Class Distribution -------------------- 72% | Scavenger-Mutant 27% | Mutant Dominant Class ---------------- Mutant | -10/Materials Scavenger-Mutant | -10/Subcaves Resources | -11 -10 -10 ----------- Run | Yrd Mat Sub Matter Collected 469 | 200 80 189 Remotely . | . . . Salvage Created 325 | . 73 252 Parts 18 | . 4 14 Haulers Intercepted . | . . . Recyclers Shooed . | . . . Parts Field Recycled . | . . . Retrieved Matter . | . . . Parts Self-Destructed 8 | . . 8 Prevented . | . . . Parts Restored . | . . . Kills | -11 -10 -10 ------- Run | Yrd Mat Sub Combat Hostiles Destroyed 14 | . 3 11 Guns 4 | . 3 1 Cannons 3 | . . 3 AOE 7 | . . 7 Classes Destroyed 3 | . 2 1 Swarmer 5 | . 2 3 Grunt 1 | . 1 . Subdweller 8 | . . 8 Best Kill Streak 4 | . 1 4 Combat Bots Only 4 | . 1 4 Max Kills in Single Turn 2 | . 1 2 Gunslinging . | . . . Exploded 2 | . . 2 Melee . | . . . Uniques/NPCs Destroyed . | . . . Combat | -11 -10 -10 -------- Run | Yrd Mat Sub Hostile Shots Fired 71 | . 44 27 Missed 29 | . 22 7 Hits 42 | . 22 20 Projectile 42 | . 22 20 AOE 4 | . . 4 Critical Strikes 1 | . . 1 Damage Taken 818 | . 184 634 Core 255 | . 35 220 Absorbed by Shields . | . . . Core Remaining (%) 100 | 100 . . Volleys Fired 36 | . 4 32 Largest 2 | . 2 2 Hottest 160 | . 106 160 Shots Fired 49 | . 8 41 Gun 16 | . 8 8 Cannon 14 | . . 14 Launcher 19 | . . 19 Special . | . . . Kinetic 19 | . . 19 Thermal 27 | . 5 22 Explosive . | . . . Electromagnetic 3 | . 3 . Robot Hit Streak 9 | . 2 9 Robot Miss Streak 3 | . 2 3 Penetration Max . | . . . Secondary Targets . | . . . Shots Hit Robots 23 | . 4 19 Core Hits 19 | . 3 16 Critical Kills . | . . . Critical Parts Destroyed . | . . . Critical Strikes . | . . . Melee Attacks . | . . . Impact . | . . . Slashing . | . . . Piercing . | . . . Sneak Attacks . | . . . Combat Hostiles . | . . . Follow-up Attacks . | . . . Damage Inflicted 1204 | . 53 1151 Guns 138 | . 53 85 Cannons 196 | . . 196 Explosions 870 | . . 870 Melee . | . . . Ramming . | . . . Kinetic 870 | . . 870 Thermal 324 | . 43 281 Explosive . | . . . Electromagnetic 10 | . 10 . Impact . | . . . Slashing . | . . . Piercing . | . . . Highest Corruption . | . . . Average Corruption . | . . . Corruption Purged . | . . . Corruption Blocked . | . . . Overload Shots . | . . . Overflow Damage 67 | . . 67 Projectiles . | . . . Explosions 67 | . . 67 Melee . | . . . Knockbacks . | . . . Impact . | . . . Kinetic . | . . . Secondary . | . . . Self-Inflicted Damage 168 | . . 168 Shots 5 | . . 5 Rammed . | . . . Targets Rammed . | . . . Kicked . | . . . Crushed . | . . . Highest Temperature 60 | . 60 48 Average Temperature 23 | . 26 20 Received Heat Transfer 57 | . 24 33 Siege Activations . | . . . Martial Activations . | . . . Shielding Activations . | . . . Robots Disrupted . | . . . Combat Hostiles . | . . . Robots Corrupted . | . . . Combat Hostiles . | . . . Parts Fried . | . . . Impact Corruptions . | . . . Robots Melted . | . . . Combat Hostiles . | . . . Parts Melted . | . . . Heat Transferred 555 | . 111 444 Parts Sabotaged . | . . . Parts Stolen . | . . . Parts Stripped . | . . . Power Chain Reactions . | . . . Alert | -11 -10 -10 ------- Run | Yrd Mat Sub Maximum Alert Level . | . . . Low Security (%) 100 | 100 100 . Level 1 . | . . . Level 2 . | . . . Level 3 . | . . . Level 4 . | . . . Level 5 . | . . . High Security . | . . . Max Security . | . . . Peak Influence 65 | . 65 . Initial . | . . . Average 21 | . 30 . Influence Increases 185 | . 115 70 Destroy 0b10 Robot/C 120 | . 60 60 Destroy Leader 20 | . 10 10 Lose Combat Pursuer 45 | . 45 . Influence Decreases 185 | . 90 95 Entered New Map 13 | . . 13 Time Decay 142 | . 80 62 Lost Part 30 | . 10 20 Squads Dispatched 1 | . 1 . Investigation 1 | . 1 . Extermination . | . . . Reinforcement . | . . . Assault . | . . . Garrison . | . . . Intercept . | . . . Searches Triggered . | . . . Construction Impeded . | . . . Haulers Reinforced . | . . . Active Scanning Responses . | . . . Cargo Convoy Interrupts . | . . . Stealth | -11 -10 -10 --------- Run | Yrd Mat Sub Distress Signals . | . . . Communications Jammed . | . . . Distress Signals . | . . . Times Spotted 23 | . 9 14 Peak Tracking Total 3 | . 3 3 Tactical Retreats 1 | . 1 . Traps | -11 -10 -10 ------- Run | Yrd Mat Sub Traps Triggered 1 | . 1 . Indirectly . | . . . Trap Hack Attempts . | . . . Triggered . | . . . Disarmed . | . . . Reprogrammed . | . . . Reused . | . . . Traps Extracted . | . . . Installed . | . . . Triggered . | . . . Machines | -11 -10 -10 ---------- Run | Yrd Mat Sub Machines Disabled . | . . . Max in Single Turn . | . . . Machines Repaired . | . . . Machines Dismantled . | . . . Machines Sabotaged . | . . . Overloaded Fab Kills . | . . . Hacking | -11 -10 -10 --------- Run | Yrd Mat Sub Machines Accessed . | . . . Terminals . | . . . Fabricators . | . . . Repair Stations . | . . . Recycling Units . | . . . Scanalyzers . | . . . Garrison Access . | . . . Total Hacks . | . . . Successful . | . . . Failed . | . . . Catastrophic . | . . . Database Lockouts . | . . . Manual . | . . . Terminals . | . . . Fabricators . | . . . Repair Stations . | . . . Recycling Units . | . . . Scanalyzers . | . . . Garrison Access . | . . . Terminal Hacks . | . . . Fabricator Hacks . | . . . Repair Station Hacks . | . . . Recycling Unit Hacks . | . . . Scanalyzer . | . . . Garrison Access Hacks . | . . . Unauthorized Hacks . | . . . Terminals . | . . . Fabricators . | . . . Repair Stations . | . . . Recycling Units . | . . . Scanalyzers . | . . . Garrison Access . | . . . Data Cores Recovered 1 | . 1 . Used . | . . . Hacking Detections . | . . . Full Trace Events . | . . . Feedback Events . | . . . Feedback Blocked . | . . . Robot Schematics Acquired . | . . . Robots Built . | . . . Authchips . | . . . Time . | . . . Total Robot Build Rating . | . . . Part Schematics Acquired . | . . . Parts Built . | . . . Authchips . | . . . Time . | . . . Total Part Build Rating . | . . . Part Studies Acquired . | . . . Parts Repaired . | . . . Time . | . . . Parts Recycled . | . . . Recycled Matter . | . . . Retrieved Matter . | . . . Retrieved Components . | . . . Parts Scanalyzed . | . . . Part Schematics Acquired . | . . . Parts Damaged . | . . . Bothacking | -11 -10 -10 ------------ Run | Yrd Mat Sub Used RIF Installer . | . . . Robots Hacked . | . . . Non-combat . | . . . Combat . | . . . Robot Hacks Applied . | . . . Relay Couplers Released . | . . . Fabnet Peak Effective % . | . . . Robots Rewired . | . . . Allies Hacked . | . . . Hacks Repelled . | . . . Allies | -11 -10 -10 -------- Run | Yrd Mat Sub Total Allies . | . . . Largest Group . | . . . Highest-Rated Group . | . . . Highest-Rated Ally . | . . . Total Orders . | . . . Ally Attacks . | . . . Total Damage . | . . . Kills . | . . . Allies Corrupted . | . . . Allies Melted . | . . . Intel | -11 -10 -10 ------- Run | Yrd Mat Sub Active Infowar (turns) . | . . . Robot Analysis Total . | . . . Derelict Logs Recovered . | . . . Drone Launches . | . . . Drone Recoveries . | . . . Exploration | -11 -10 -10 ------------- Run | Yrd Mat Sub Turns Passed 1109 | 74 178 857 Spaces Moved 594 | 59 127 408 Core 18 | 18 . . Treads . | . . . Legs 576 | 41 127 408 Wheels . | . . . Hover . | . . . Flight . | . . . Fastest Speed 50 | 50 120 120 Average Speed 161 | 101 120 182 Slowest Speed 190 | 120 120 190 Overloaded Moves . | . . . Propulsion Burnouts . | . . . Robots Hopped . | . . . Potential Cave-ins 1 | . . 1 Cave-ins Triggered . | . . . Exploration Rate (%) 17 | 4 31 18 Regions Visited 2 Branch Regions 1 Pre-discovered Areas . | . . . Known Exits Taken . | . . . Unknown Exits Taken 2 | 1 1 . Scrap Searched . | . . . Spaces Dug 83 | . . 83 Terrain Destroyed 230 | . . 230 Melee . | . . . Projectile 4 | . . 4 AOE 226 | . . 226 Terrain Rammed . | . . . Walls Destroyed . | . . . Machines Disabled . | . . . Actions | -11 -10 -10 --------- Run | Yrd Mat Sub Total 695 | 73 145 477 Wait 21 | . . 21 Move 592 | 58 126 408 Hop . | . . . Pick Up 21 | 8 10 3 Fast Attach 3 | 1 . 2 Attach 12 | 5 3 4 Detach . | . . . Swap 2 | . . 2 Drop 8 | 1 2 5 Fire 36 | . 4 32 Melee . | . . . Ram . | . . . Kick . | . . . Crush . | . . . Escape Stasis . | . . . Rewire . | . . . Trap . | . . . Miscellaneous . | . . . Route ------- -11/Scrapyard -10/Materials (discovered 2 exits: [*Mat] / [*Sub]) -10/Subcaves (discovered 2 exits: [*Mat] / [Scr]) History --------- Turn | Location | Event 13 | -11/Scrapyard | Discovered new exit (range 14) 75 | -11/Scrapyard | Entered Materials 76 | -10/Materials | Met a group of wandering Federalists 152 | -10/Materials | Discovered new exit (range 16) 248 | -10/Materials | Discovered new exit (range 6) 253 | -10/Materials | Entered Subcaves 254 | -10/Subcaves | Continued accompanying wandering Federalists (4) 254 | -10/Subcaves | Approached by a straggling Scientist 463 | -10/Subcaves | A swath of the cavern ceiling suddenly collapsed 470 | -10/Subcaves | Ambushed by Subdweller buried in earth 614 | -10/Subcaves | Build established: Scavenger-Mutant 633 | -10/Subcaves | Discovered new exit (range 8) 669 | -10/Subcaves | Shifting Twisted Machinery released Sub. Monowheel 670 | -10/Subcaves | Shifting Twisted Machinery released Shrapnel Trap 859 | -10/Subcaves | Core integrity fell below 50% 883 | -10/Subcaves | Ambushed by Subdweller buried in earth 888 | -10/Subcaves | Core integrity fell below 20% 915 | -10/Subcaves | Lost 4 parts (2p1n1w) 1085 | -10/Subcaves | Ambushed by Subdweller buried in earth 1087 | -10/Subcaves | Ambushed by Subdweller buried in earth 1089 | -10/Subcaves | Ambushed by Subdweller buried in earth 1110 | -10/Subcaves | Destroyed by S1-GET(R) with Subdweller Laser Last Messages --------------- Lgt. Ion Engine destroyed. C1-EZV(R) destroyed. C9-QFT(R) destroyed. Acquired 48 matter. Acquired 8 matter. Subatomizers dissect the Sub. Monowheel. Acquired 42 matter. Subatomizers dissect the Sub. Monowheel. Acquired Sub. Shrapnel Launcher. 8Y-KX9(R): "NAT20!" N4-AZ2(R): "ARGHSUB!" 8Y-KX9(R) destroyed. TP-RYE(R): "ARGHSUB!" TP-RYE(R) destroyed. N4-AZ2(R) destroyed. S1-GET(R): "ARGHSUB!" The unstable cave ceiling collapses. Sub. Shrapnel Launcher shoots sparks and powers down. Dropped Broken Sub. Shrapnel Launcher. Map ----- +----------------------------------------------------+ | "#?????????????????????????????????????????? | | ###?????????????????????????????????????????? | | ""#?????????????"#????????????????????????????? | | """#?# ?????????? #????????????????????????????? | | " ### ????????#" #????????????????????????????? | | ####"" ?"??????#""##???????????????????????????? | | ###"""" ""?????# #???????????????????????????? | | # """ ""#?####" #???????????????????????????? | | " """ #?? "?? """ #???????????????????????????? | | ! "" ##?" #???# " #????????????????????????????? | | %# " #?#" #??## #?????????????????????????????? | | ["### #?"" #??# #?????????????????????????????? | | "#?? ##"" #?##=! #####?????????????????????????? | | #### ##"" #?#"[ ! ; #?????????????????????????? | | "# "?#""### ; ####??????????????????????? | | #?"##""#"" ;# #??????????????????????? | | ##""# """ #??????????????????????? | | ### # ###????????????????????? | | """ ##" ### #???????????????????? | | "" ## #?# ##?????????????????? | | ### ##?# ##????????????????? | | " < ## #### #????????????????? | | # "" ;#; ## ###???????????? | | = ##" #""# #???????????? | | "" ### =####] #???????????? | | #####" "###@ #?????????? | | ##?## # &" ## #?????????? | | ""##??# [ ### # R #?????????? | | ###???# = ####### #?????????? | | #?????# ##?#""## & ?????????? | | ###???# #??# * ??????????? | | #???# """ #?##" ??????????? | | #?? ##" ##?#"" "# % ??????????? | | ### ## # #### "## ???????????? | | ## ### ### "# ####???????????? | | ### ##?# ?## "####??????????????? | | ??## #???# ??#### "" ##?????????????? | | ???###????# ?????#"""" """ #?????####????? | | ??????????# ?????##### """"######## ##???? | | ??????????## ?????????# " #### #???? | | ???????????## ????????### ##" ##???? | | ????????????# ????????###### ####????? | | ????????????# ## # # ##???????? | | ????????????? #????????? | | ????????????? ###### #????????? | | ????????????? ## # # ##????###????????? | | ???????????????? ?### #????????????????? | | ???????????????? ## ????#####????????????????? | | ????????????????????##???????????????????????????? | | ?????????????????????????????????????????????????? | +----------------------------------------------------+ Best States ------------- Heat Dissipation 25 Energy Generation 10 Energy Capacity 250 Matter Stores 300 Matter Capacity 300 Sight Range 16 Terrain Scan Density 10 Evasion (%) 55 Offensive Hacking 10 Item Schematics ----------------- None Robot Schematics ------------------ None Fabricated ------------ Nothing Repaired ---------- Nothing Studied --------- None Alien Tech Used ----------------- None Achievements -------------- DATA ERROR: Steam Global Achievement% Do Not Disturb Overwhelming Strength In Numbers There's More Where That Came From Challenges ------------ None Game ------ Seed ConceptCloakDisintegrator Manual? 0 Play Time 00:17:02 Cumulative 19.5 hours Start 2026.03.02 @ 12:20:09 End 2026.03.02 @ 12:37:19 Sessions 1 Manual Loads 0 Difficulty Rogue Special Mode None Game No. 35 Rogue 35 Adventurer 0 Explorer 0 Win Type - Total 0 Types 0/0/0/0/0/0/0/0/0/0 Lore% 13 Gallery% 20 Achievement% 12 Wizard Run 0 Options --------- Layout 1 ASCII 0 Keyboard 0 Movement Mouse Keybinds 0 Fullscreen 1 Font 24/Smallcaps Map View 50x35 Zoom Use 0% Tactical HUD 0 Map Filters NONE Filters NONE Steam 1 RUN: bf18b062-6f56-427e-9bd4-5b8225c5595c